AoeStats
← EisenEgon

Arabia

509577470Analyzed
1v1 RM · 3d ago on Sep 27, 2026· 39m 36s· 2 players
Game mode
Random Map
Map size
Tiny (2 player)
Population
200
Speed
Normal
Resources
Standard
Victory
Conquest
Starting age
Dark Age
Ending age
Imperial Age
RankedLock teamsTeams togetherTeam positionsShared explorationLock speedFull tech treeHidden civsTurbo modeCheats
Victory
Defeat
🇰🇷 Britons · South Korea
1356
+14
🇩🇪 Vietnamese · Germany
1311
-14
EisenEgon
6:33 Loom
9:26 Feudal Age
10:08 Double-Bit Axe
14:35 Fletching
20:52 Castle Age
19:13 Horse Collar
19:35 Padded Archer Armor
20:30 Gold Mining
20:54 Elite Skirmisher
22:10 Wheelbarrow
21:31 Bodkin Arrow
21:52 Bow Saw
23:05 Crossbowman
25:26 Leather Archer Armor
27:16 Wheelbarrow
26:44 Town Watch
31:36 Stone Mining
33:46 Ballistics
33:37 Heavy Plow
34:11 Scale Barding Armor
35:44 Chain Barding Armor
36:16 Bloodlines
36:06 Husbandry
37:17 Forging
41:00 Imperial Age
39:19 Iron Casting
RARRY
6:27 Loom
8:57 Feudal Age
9:44 Double-Bit Axe
13:11 Horse Collar
20:02 Castle Age
18:07 Fletching
18:35 Padded Archer Armor
19:23 Gold Mining
21:07 Wheelbarrow
20:45 Bodkin Arrow
21:34 Bow Saw
20:57 Crossbowman
25:34 Stone Mining
27:03 Ballistics
28:56 Hand Cart
29:36 Leather Archer Armor
31:44 Gold Shaft Mining
33:05 Scale Barding Armor
37:14 Imperial Age
36:59 Chain Barding Armor
37:57 Bracer
38:59 Chemistry
38:32 Ring Archer Armor
37:26 Arbalester
38:12 Pikeman
38:52 Squires
39:20 Yeomen
Connection lost

Rejoining the realm…

Still unreachable

The connection could not be restored.

Session expired

The server has moved on; the page needs a fresh start.